 Dungeon Crawl Stone Soup version 0.31-a0-516-gfcb59812bd (webtiles) character file.

Game seed: 618510347875672355

127246 GordonOverkill the Metamorph (level 17, -4/93 HPs)
             Began as a Vine Stalker Delver on Aug 10, 2023.
             Was an Elder of Uskayaw.
             Slain by a wolf spider simulacrum (17 damage)
             ... on level 2 of the Spider Nest.
             The game lasted 00:57:56 (27190 turns).

GordonOverkill the Metamorph (Vine Stalker Delver) Turns: 27190, Time: 00:57:57

Health: -4/93      AC: 22    Str: 24    XL:     17   Next: 0%
Magic:  0/30       EV:  9    Int: 10    God:    Uskayaw [****..]
Gold:   2469       SH:  0    Dex: 26    Spells: 32/32 levels left

rFire   . .          .
                       - Unarmed
rCold   . . .        (shield currently unavailable)
rNeg    . . .        t - +1 plate armour {Will+}
rPois   +            o - +2 helmet
rElec   .            D - +2 cloak {rPois}
rCorr   .            q - melded +1 pair of gloves
SInv    +            V - +0 pair of boots
Will    +++..        p - amulet "Yfiemuf" {Regen+ Str+3 Dex+8} Stlth
                     R - +4 ring of protection
HPRegen 1.95/turn    L - ring of see invisible
MPRegen 0.22/turn

%: guardian spirit
@: blade hands
A: fangs 3, regeneration 1, magic shield, antimagic bite, no potion heal 2
a: Begin Untransformation, Renounce Religion, Stomp, Line Pass


You were on level 2 of the Spider Nest.
You worshipped Uskayaw.
Uskayaw was noncommittal.
You had blades for hands.
You visited 5 branches of the dungeon, and saw 25 of its levels.

You collected 2713 gold pieces.
You spent 244 gold pieces at shops.

Inventory:

Missiles
 f - a throwing net
 k - 30 poisoned darts
 m - 5 javelins (quivered)
 G - 10 boomerangs
 J - 7 curare-tipped darts
Armour
 d - a +4 chain mail of cold resistance
 g - a scarf of resistance
 o - a +2 helmet (worn)
 q - a +1 pair of gloves (melded)
 t - a +1 plate armour of willpower (worn)
 z - a +2 scale mail of fire resistance
 D - a +2 cloak of poison resistance (worn)
 V - a +0 pair of boots (worn)
Jewellery
 p - the amulet "Yfiemuf" (around neck) {Regen+ Str+3 Dex+8}
   (You found it on level 4 of the Lair of Beasts)

   [amulet of regeneration]

   Str+3:     It affects your strength (+3).
   Dex+8:     It affects your dexterity (+8).
   Regen+:    It increases your rate of health regeneration.
 A - a ring of poison resistance
 L - a ring of see invisible (right blade hand)
 Q - a ring of willpower
 R - a +4 ring of protection (left blade hand)
 T - an amulet of the acrobat
Talismans
 h - a blade talisman (active)
Wands
 e - a wand of flame (14)
 r - a wand of light (8)
 u - a wand of polymorph (5)
 y - a wand of roots (23)
 P - a wand of paralysis (3)
 Y - a wand of digging (2)
Scrolls
 b - 4 scrolls of fog
 c - 4 scrolls of revelation
 j - 12 scrolls of teleportation
 l - 3 scrolls of amnesia
 C - a scroll of immolation
 H - a scroll of vulnerability
 I - 2 scrolls of poison
 O - 2 scrolls of summoning
 S - 10 scrolls of identify
 W - 2 scrolls of brand weapon {unknown}
 X - a scroll of silence {unknown}
Potions
 a - a potion of heal wounds {unknown}
 i - 3 potions of resistance
 v - 3 potions of ambrosia
 w - a potion of mutation
 x - 3 potions of brilliance
 F - 3 potions of lignification
 K - a potion of invisibility
 M - 6 potions of attraction
 N - 2 potions of enlightenment
Miscellaneous
 s - a phial of floods
 E - a phantom mirror
 U - a tin of tremorstones (inert)


   Skills:
 - Level 12.0 Fighting
 - Level 2.0 Throwing
 - Level 4.0 Armour
 - Level 4.0 Dodging
 - Level 6.0 Stealth
 - Level 15.0 Unarmed Combat
 - Level 8.0 Spellcasting
 - Level 5.0 Invocations
 - Level 5.0 Evocations
 + Level 16.0 Shapeshifting


You had 32 spell levels left.
You didn't know any spells.
Your spell library contained the following spells:

 Spells                   Type           Power      Damage    Failure   Level
 Magic Dart               Conj           16%        1d3       100%        1
 Shock                    Conj/Air       16%        1d4       100%        1
 Blink                    Tloc           8%         N/A       100%        2
 Call Imp                 Summ           8%         N/A       100%        2
 Lesser Beckoning         Tloc           8%         N/A       100%        2
 Momentum Strike          Conj/Tloc      8%         3d8       100%        2
 Scorch                   Fire           8%         2d5       100%        2
 Sublimation of Blood     Necr           4%         N/A       100%        2
 Inner Flame              Hex/Fire       4%         N/A       100%        3
 Mephitic Cloud           Conj/Pois/Air  4%         N/A       100%        3
 Swiftness                Air            4%         N/A       100%        3
 Airstrike                Air            2%         2d(1-17)  100%        4
 Flame Wave               Conj/Fire      4%         2d5       100%        4
 Petrify                  Tmut/Erth      4%         N/A       100%        4
 Sticky Flame             Conj/Fire      4%         2d3       100%        4
 Summon Ice Beast         Ice/Summ       4%         N/A       100%        4
 Irradiate                Conj/Tmut      2%         3d12      100%        5
 Summon Forest            Summ/Tloc      2%         N/A       100%        5
 Summon Mana Viper        Hex/Summ       4%         N/A       100%        5
 Summon Cactus Giant      Summ           2%         N/A       100%        6
 Monstrous Menagerie      Summ           2%         N/A       100%        7


Dungeon Overview and Level Annotations

Branches:
Dungeon (15/15)            Temple (1/1) D:5            Lair (5/5) D:9
  Swamp (0/4) Lair:2       Spider (2/4) Lair:2        Slime (0/5) Lair:5
    Orc (2/2) D:9             Elf (0/3) Orc:2        Vaults (0/5) D:13
 Depths (0/4) D:15

Altars:
Ashenzari
Cheibriados
Dithmenos
Elyvilon
Fedhas
Gozag
Hepliaklqana
Kikubaaqudgha
Makhleb
Nemelex Xobeh
Okawaru
Qazlal
Ru
Sif Muna
Trog
Uskayaw
Vehumet
Wu Jian
Xom
Yredelemnul
Zin
The Shining One

Shops:
D:3 *   D:7 *   D:8 (   Orc:2 :[*(

Annotations:
D:3 2 transporters, eye's ghost, weakling MeEE
D:6 2 runed translucent doors, GordonOverkill's ghost, weakling VSDe
D:9 3 runed translucent doors, slizer6's ghost, novice MiFi
Lair:4 1 runed translucent door


Innate Abilities, Weirdness & Mutations

You have blades for hands.
Your spellcasting is less reliable in this form.
You are incapable of wielding weapons or throwing items.
You have razor-sharp teeth.
Your natural rate of healing is unusually fast.
When hurt, damage is shared between your health and your magic reserves.
Your bite disrupts and absorbs the magic of your enemies.
Potions cannot restore your health.


Message History

You slash the wolf spider, but do no damage.
You bite the wolf spider, but do no damage.
The wolf spider is moderately wounded.
The wolf spider simulacrum is no longer paralysed.
The wolf spider is no longer paralysed. x2
The spectral wolf spider is no longer paralysed.
The wolf spider barely misses you. The wolf spider closely misses you.
You slash the wolf spider! You slash the wolf spider!!
You bite the wolf spider.
You kill the wolf spider!
You hear a skittering sound.
A wolf spider simulacrum comes into view.
A wolf spider comes into view.
A wolf spider zombie comes into view.
The wolf spider's many legs skitter.
Uskayaw will force your foes to share their pain.
Uskayaw links your audience in an emotional bond!
You have reached level 17!
You completely miss the wolf spider simulacrum.
You bite the wolf spider simulacrum!! You drain its power.
You feel invigorated.
The wolf spider simulacrum is severely damaged.
The wolf spider simulacrum hits you but does no damage.
The wolf spider simulacrum bites you but does no damage.
The spectral wolf spider passes through a web.
You shred the wolf spider simulacrum!!!
The wolf spider simulacrum vaporises!
The wolf spider is engulfed in freezing vapours.
The wolf spider hits you!
* * * LOW HITPOINT WARNING * * *
The wolf spider bites you but does no damage.
You barely miss the wolf spider. You slash the wolf spider!!
You kill the wolf spider!
The wolf spider simulacrum hits you!
* * * LOW HITPOINT WARNING * * *
The wolf spider simulacrum freezes you!!
* * * LOW HITPOINT WARNING * * *
The wolf spider simulacrum bites you.
* * * LOW HITPOINT WARNING * * *
The wolf spider simulacrum freezes you!!
You die...

.^.####...†.........
.......†............
................... ......
.###...†........... ....#.
##...<.......... ..#...
.##.#........... .....
Z.##..#..#......
##..#######ZZ.####..###....
#^..##..#.@#..#.##..####...
#.........ss^.#......##....
#.....#...###.##.....##....
##...###### #.......#....
#...### #.......#^...
##....# ####.#.........
##....##### #.....##.......
##.......#.###......##......
#....................#.....#


You could see 2 wolf spiders, a spectral wolf spider (pain bonded), a wolf
spider simulacrum and a wolf spider zombie (pain bonded).

Vanquished Creatures
  Rupert (Lair:3)
  Frances (Spider:1)
  A frost giant (D:10)
  An emperor scorpion (Spider:1)
  2 broodmothers
  A stone giant (Orc:2)
  A very ugly thing (D:15)
  A spark wasp (Spider:1)
  An entropy weaver (Lair:2)
  A yaktaur captain (D:10)
  3 ettins
  Josephine (Spider:1)
  A rakshasa (D:13)
  9 hydras
  An ogre mage (D:13)
  6 centaur warriors
  2 boulder beetles
  6 two-headed ogres
  3 demonic crawlers
  Sonja (D:11)
  A sun moth (Spider:2)
  A skyshark (Lair:5)
  Amaemon (Lair:1)
  A skeletal warrior (D:10)
  3 pharaoh ants
  4 orb spiders
  A fire crab (shapeshifter) (D:14)
  A glowing orange brain (D:15)
  A deep troll (D:13)
  A deep elf archer (D:10)
  A lindwurm (Lair:4)
  Pikel (D:4)
  A bog body (Lair:2)
  3 deep elf pyromancers
  2 steelbarb worms
  A phantasmal warrior (D:13)
  A cyclops (shapeshifter) (D:15)
  8 ugly things
  17 cyclopes
  2 orc sorcerers
  8 wolf spiders
  2 manticores
  13 elephants
  A moth of wrath (Spider:1)
  7 black mambas
  A torpor snail (shapeshifter) (D:15)
  An orange demon (Lair:1)
  3 torpor snails
  17 cane toads
  2 unseen horrors
  Psyche (D:8)
  Maggie (D:6)
  An efreet (D:15)
  8 komodo dragons
  4 polar bears
  3 meliai (Spider:2)
  6 trolls
  17 tarantellas
  A hornet (D:10)
  2 wolf spider simulacra (Spider:2)
  Prince Ribbit (D:6)
  A blink frog (shapeshifter) (D:10)
  Grinder (D:3)
  2 tyrant leeches (Lair:5)
  15 blink frogs
  8 culicivoras
  13 jumping spiders
  19 slime creatures
  38 yaks
  3 wyverns
  2 basilisks
  A vampire (D:12)
  10 wraiths
  A human (Lair:4)
  2 steam dragons
  10 vampire mosquitoes
  30 redbacks
  A harpy simulacrum (D:15)
  Menkaure (D:7)
  10 water moccasins
  Edmund (D:4)
  4 acid dragons
  A warg (Orc:1)
  Duvessa (D:4)
  2 ice beasts (D:7)
  2 sky beasts (D:7)
  2 black bears
  23 orc warriors
  11 wolves
  9 ogres
  7 centaurs
  A lemure (D:4)
  3 kobold brigands
  23 bullfrogs
  3 gnoll sergeants
  5 scorpions
  Dowan (D:4)
  7 wights (D:9)
  12 killer bees
  8 electric eels
  2 howler monkeys (D:8)
  A crimson imp (D:4)
  3 jellies
  12 orc priests
  7 hounds
  An iguana (D:6)
  13 orc wizards
  Natasha (thrice) (D:4)
  7 gnolls
  13 adders
  A shadow imp (D:8)
  3 white imps
  2 ufetubi
  3 worms
  4 dart slugs
  67 orcs
  9 ball pythons
  6 bats
  8 endoplasms
  A giant cockroach (D:1)
  14 goblins
  11 hobgoblins
  2 quokkas (D:4)
  4 frilled lizards
  17 kobolds
  3 rats
707 creatures vanquished.

Vanquished Creatures (collateral kills)
  A boulder beetle (D:10)
1 creature vanquished.

Vanquished Creatures (others)
  A cyclops (D:10)
1 creature vanquished.

Grand Total: 709 creatures vanquished

Notes
Turn   | Place    | Note
-------+----------+-------------------------------------------
     0 | D:5      | GordonOverkill the Vine Stalker Delver began the quest for
                  | the Orb.
     0 | D:5      | Reached XP level 1. HP: 11/11 MP: 2/2
    15 | D:5      | Reached XP level 2. HP: 14/16 MP: 1/3
    76 | D:6      | Found an opulent altar of Gozag.
    81 | D:6      | Noticed Maggie
    84 | D:6      | Noticed a scorpion
   191 | D:6      | Noticed a black bear
   206 | D:6      | Noticed Prince Ribbit
   542 | D:4      | Found a glowing golden altar of the Shining One.
   570 | D:4      | Noticed an ogre
   625 | D:4      | Reached XP level 3. HP: 5/20 MP: 1/4
   743 | D:4      | Noticed a lemure
   932 | D:4      | HP: 1/20 [orc/+0 club (3)]
   936 | D:4      | Gained mutation: Your natural rate of healing is unusually
                  | fast. [Vine Stalker growth]
   936 | D:4      | Reached XP level 4. HP: 2/24 MP: 1/5
   963 | D:4      | Noticed a lemure
   977 | D:4      | Noticed Dowan
  1001 | D:4      | Noticed Duvessa
  1075 | D:4      | Noticed an ogre
  1180 | D:4      | Noticed a scorpion
  1186 | D:4      | Killed a scorpion
  1187 | D:4      | Reached XP level 5. HP: 24/29 MP: 6/6
  1624 | D:4      | Noticed Natasha
  1633 | D:4      | Killed Natasha
  1634 | D:4      | Reached skill level 5 in Unarmed Combat
  1634 | D:4      | Reached XP level 6. HP: 33/33 MP: 7/7
  1695 | D:2      | Found a white marble altar of Elyvilon.
  2461 | D:1      | Found a faded altar of an unknown god.
  3531 | D:3      | Found Baopheam's Assorted Antiques.
  3545 | D:3      | Bought 2 scrolls labelled IRUINEL ATHRYE for 52 gold pieces
  3545 | D:3      | Bought a scroll labelled IRUINEL ATHRYE for 26 gold pieces
  3560 | D:3      | Noticed Grinder
  3574 | D:3      | Killed Grinder
  3575 | D:3      | Reached skill level 1 in Spellcasting
  3575 | D:3      | Reached skill level 1 in Evocations
  3575 | D:3      | Reached XP level 7. HP: 38/38 MP: 10/10
  3915 | D:3      | Noticed eye's ghost (weakling MeEE)
  3919 | D:3      | Found a transporter.
  3931 | D:3      | Found a transporter.
  3990 | D:4      | Noticed Edmund
  3999 | D:4      | Killed Duvessa
  4053 | D:4      | Found a basalt altar of Yredelemnul.
  4126 | D:4      | Noticed Natasha
  4134 | D:4      | Killed Natasha
  4339 | D:4      | Killed Dowan
  4369 | D:4      | Killed Edmund
  4370 | D:4      | Reached skill level 5 in Fighting
  4370 | D:4      | Gained mutation: You have razor-sharp teeth. [Vine Stalker
                  | growth]
  4370 | D:4      | Reached XP level 8. HP: 42/43 MP: 13/13
  4462 | D:4      | Found a broken altar of Ashenzari.
  4486 | D:4      | Noticed Pikel
  4512 | D:4      | Killed Pikel
  4513 | D:4      | Reached skill level 1 in Throwing
  4552 | D:4      | Noticed Natasha
  4559 | D:4      | Killed Natasha
  4650 | D:4      | Found a glowing golden altar of the Shining One.
  4780 | D:4      | Found a basalt altar of Yredelemnul.
  4868 | D:4      | Found a broken altar of Ashenzari.
  5495 | D:5      | Reached XP level 9. HP: 40/47 MP: 16/16
  5769 | D:5      | Found a staircase to the Ecumenical Temple.
  5819 | D:5      | Found a bloodstained altar of Trog.
  5939 | Temple   | Entered the Ecumenical Temple
  5949 | Temple   | Became a worshipper of Uskayaw the Reveller
  6028 | D:6      | Reached * piety under Uskayaw
  6030 | D:6      | Reached ** piety under Uskayaw
  6081 | D:6      | Reached skill level 1 in Shapeshifting
  6082 | D:6      | Reached *** piety under Uskayaw
  6085 | D:6      | Reached skill level 1 in Invocations
  6090 | D:6      | Reached **** piety under Uskayaw
  6119 | D:6      | Found an ornate altar of the Wu Jian Council.
  6122 | D:6      | Found a blossoming altar of Fedhas.
  6206 | D:6      | Found a runed translucent door.
  6235 | D:6      | Found a runed translucent door.
  6237 | D:6      | Noticed GordonOverkill's ghost (weakling VSDe)
  6466 | D:6      | Killed Prince Ribbit
  6492 | D:6      | Killed Maggie
  6493 | D:6      | Reached skill level 5 in Spellcasting
  6536 | D:6      | Reached skill level 2 in Shapeshifting
  6683 | D:7      | Identified the +8 hand axe of the Rescuing Pariah
                  | {antimagic, Fly rElec rCorr Str-3}
  6823 | D:7      | Reached XP level 10. HP: 51/51 MP: 18/18
  7145 | D:7      | Reached skill level 5 in Evocations
  7151 | D:7      | Found Kaigiluly's General Store.
  7159 | D:7      | Bought a scroll of identify for 24 gold pieces
  7176 | D:7      | Noticed Menkaure
  7182 | D:7      | Killed Menkaure
  7186 | D:7      | Reached skill level 10 in Unarmed Combat
  7235 | D:7      | Found a sacrificial altar of Ru.
  7471 | D:8      | Reached skill level 3 in Shapeshifting
  7475 | D:8      | Found a white marble altar of Elyvilon.
  7483 | D:8      | Found a shadowy altar of Dithmenos.
  7559 | D:8      | Noticed Psyche
  7576 | D:8      | Killed Psyche
  7591 | D:8      | Found a sparkling altar of Nemelex Xobeh.
  7616 | D:8      | Reached ***** piety under Uskayaw
  7617 | D:8      | Reached skill level 4 in Shapeshifting
  7640 | D:8      | Reached skill level 5 in Invocations
  7695 | D:8      | Found a burning altar of Makhleb.
  7807 | D:8      | Found Umusk's Weapon Emporium.
  8112 | D:8      | Found a glowing silver altar of Zin.
  8113 | D:8      | Noticed an angel
  8242 | D:8      | Found a stormy altar of Qazlal.
  8480 | D:9      | Reached skill level 5 in Shapeshifting
  8483 | D:9      | Found a runed translucent gate.
  8483 | D:9      | Found a runed translucent gate.
  8498 | D:9      | Found a runed translucent gate.
  8630 | D:9      | Reached skill level 6 in Shapeshifting
  8909 | D:9      | Reached XP level 11. HP: 30/55 MP: 19/19
  9064 | D:9      | Found a staircase to the Orcish Mines.
  9099 | D:9      | Reached skill level 7 in Shapeshifting
  9381 | D:9      | Found a staircase to the Lair.
  9797 | D:9      | Noticed slizer6's ghost (novice MiFi)
  9900 | D:10     | Entered Level 10 of the Dungeon
  9985 | D:10     | Noticed a manticore
  9985 | D:10     | Noticed a cyclops
  9985 | D:10     | Noticed a skeletal warrior
  9989 | D:10     | Killed a cyclops
  9990 | D:10     | Reached skill level 8 in Shapeshifting
  9991 | D:10     | Killed a manticore
 10138 | D:10     | Found a shimmering blue altar of Sif Muna.
 10289 | D:10     | Noticed a boulder beetle
 10337 | D:10     | Killed a boulder beetle
 10814 | D:10     | Noticed a cyclops
 10815 | D:10     | Noticed a cyclops
 10823 | D:10     | Killed a cyclops
 10824 | D:10     | Reached skill level 9 in Shapeshifting
 10827 | D:10     | Killed a cyclops
 10887 | D:10     | Noticed a deep elf archer
 10975 | D:10     | Killed a deep elf archer
 10989 | D:10     | Noticed a centaur warrior
 11177 | D:10     | Killed a skeletal warrior
 11178 | D:10     | Reached skill level 10 in Shapeshifting
 11222 | D:10     | Killed a centaur warrior
 11249 | D:10     | Noticed a yaktaur captain
 11249 | D:10     | Noticed a frost giant
 11258 | D:10     | Killed a yaktaur captain
 11259 | D:10     | Reached XP level 12. HP: 57/60 MP: 21/21
 11267 | D:10     | Killed a frost giant
 11269 | D:10     | Found the +11 Singing Sword {sonic wave}
 11576 | Lair:1   | Entered Level 1 of the Lair of Beasts
 11708 | Lair:1   | Reached skill level 1 in Armour
 11951 | Lair:1   | Noticed Amaemon
 12123 | Lair:4   | Noticed a four-headed hydra
 12145 | Lair:4   | Killed a four-headed hydra
 12378 | Lair:3   | Reached XP level 13. HP: 65/65 MP: 24/24
 12527 | Lair:3   | Noticed Rupert
 12557 | Lair:3   | Killed Rupert
 12888 | Lair:2   | Found a hole to the Spider Nest.
 13173 | Lair:1   | Reached XP level 14. HP: 69/72 MP: 26/26
 13458 | Lair:1   | Killed Amaemon
 14486 | Lair:2   | Found a staircase to the Swamp.
 14723 | Lair:3   | Identified a scroll of acquirement
 14725 | Lair:3   | Acquired 468 gold pieces
 15653 | Lair:4   | Identified the amulet "Yfiemuf" {Regen+ Str+3 Dex+8}
 16083 | Lair:4   | Found a runed translucent door.
 16083 | Lair:4   | Noticed a reaper
 16291 | Lair:5   | Entered Level 5 of the Lair of Beasts
 16291 | Lair:5   | Found a staircase to the Slime Pits.
 16747 | Lair:5   | Reached skill level 11 in Shapeshifting
 17077 | Lair:5   | Reached skill level 10 in Fighting
 18189 | D:10     | Reached XP level 15. HP: 80/80 MP: 28/28
 18396 | D:11     | Reached skill level 12 in Shapeshifting
 18873 | D:11     | Noticed Sonja
 18884 | D:11     | Killed Sonja
 20822 | D:13     | Found a gate to the Vaults.
 21362 | D:14     | Reached skill level 13 in Shapeshifting
 21724 | D:15     | Entered Level 15 of the Dungeon
 21920 | D:15     | Found a staircase to the Depths.
 21934 | D:15     | Reached skill level 15 in Unarmed Combat
 21941 | D:15     | Reached ****** piety under Uskayaw
 22110 | D:15     | Found a gate leading to a gauntlet.
 22978 | Orc:1    | Entered Level 1 of the Orcish Mines
 23011 | Orc:1    | Reached XP level 16. HP: 79/88 MP: 24/29
 23212 | Orc:2    | Entered Level 2 of the Orcish Mines
 23500 | Orc:2    | Found Tinuag's Book Emporium.
 23552 | Orc:2    | Found a staircase to the Elven Halls.
 23565 | Orc:2    | Found Vuymaugh's Antique Weapon Boutique.
 23809 | Orc:2    | Found Zuetz's General Store.
 23985 | Orc:2    | Found Meagu's Antique Armour Shoppe.
 23993 | Orc:2    | Bought a pair of glowing gloves for 142 gold pieces
 24640 | Spider:1 | Entered Level 1 of the Spider Nest
 24737 | Spider:1 | Reached skill level 14 in Shapeshifting
 24827 | Spider:1 | Noticed Frances
 25069 | Spider:1 | Killed Frances
 25752 | Spider:1 | Noticed Josephine
 25756 | Spider:1 | Reached skill level 15 in Shapeshifting
 25764 | Spider:1 | Killed Josephine
 26579 | Spider:2 | HP: 3/87 [tarantella[a broodmother] (4)]
 27186 | Spider:2 | Reached skill level 16 in Shapeshifting
 27188 | Spider:2 | Reached XP level 17. HP: 40/93 MP: 16/30
 27190 | Spider:2 | Slain by a wolf spider simulacrum

Illustrated notes

Levels and vault maps discovered:
D:1:      onia_arrival_pyramid, layout_loops_cross,
          dilly_ecumenical_altar_fadedgnrine, chequers_serial_rivers_room_a
D:2:      layout_basic, basic_altar, kennysheep_crisscross,
          hangedman_decor_slide_cut, minmay_misc_feat_four_crosses,
          grunt_ministairs_11
D:3:      layout_rooms, serial_shops, nicolae_shop_waterfront,
          gammafunk_ghost_arena, uniq_grinder
D:4:      minmay_thinvault, layout_loops_ring, nicolae_tso_carved_into_rock,
          mainiacjoe_overflow_brackets, mainiacjoe_overflow_boulevard,
          minmay_fire_ice_demons, uniq_duvessa, uniq_pikel, uniq_natasha,
          uniq_edmund
D:5:      layout_cave_pools, lemuel_doored_altar, temple_hall
D:6:      layout_rooms, mainiacjoe_overflow_small_starburst,
          nicolae_overflow_squiral, ebering_ghost_sewer_f, uniq_prince_ribbit1,
          uniq_maggie
D:7:      layout_loops_ring, nicolae_ru_path_of_blood, serial_shops, shop,
          uniq_menkaure
D:8:      layout_basic, zin_angel, jmf_multi_god_temple, lemuel_crystal_altar,
          mainiacjoe_overflow_alcove_2, kennysheep_mini_moat, serial_shops,
          shop, uniq_psyche
D:9:      layout_basic, erik_lair_island, gammafunk_ghost_spectres,
          nicolae_wand_duel
D:10:     minmay_sliced_demisemicircle, layout_gridville,
          mainiacjoe_overflow_24_doors
D:11:     layout_loops_corners, nicolae_fountain_basement, uniq_sonja
D:12:     layout_loops_cross
D:13:     layout_roguey, david_vaults_4, dreamdust_wishing_well
D:14:     layout_loops_corners, special_room [special_room_orc], hex_tiny
D:15:     gammafunk_enter_depths_forms, layout_loops_corners,
          gauntlet_entry_generic
Temple:   nicolae_temple_great_sept
Lair:1:   layout_cellular_growth, grunt_megastairs_1, uniq_amaemon
Lair:2:   layout_misc_corridors, skrybe_swamp_entry_bodies, spider_nest_entry_a,
          beast_lair_carwin_1, grunt_megastairs_2, serial_bayou_shore_b,
          serial_bayou_shore_a
Lair:3:   wander_river, layout_misc_corridors, lemuel_fruit_tree,
          infiniplex_staircase_pool_2, serial_bayou_shore_b, uniq_rupert
Lair:4:   layout_regular_city, pdpol_lair_cabin_in_the_woods
Lair:5:   minmay_lair_end_frog_pond, layout_cave_pods, slime_entry_1,
          lookout_lair_type, chequers_serial_rivers_small_3
Spider:1: layout_spider_delve, uniq_josephine, uniq_frances
Spider:2: layout_chambers, nicolae_spider_webs_and_nodes,
          nicolae_spider_undead_wolf_pack
Orc:1:    layout_diamond_mine, serial_shops, nicolae_orc_stony_grotto
Orc:2:    grunt_orc_gardens, layout_caves, grunt_orc_garden, grunt_orc_garden,
          grunt_orc_garden, grunt_orc_garden, nicolae_orc_tapped_out

Skill      XL: |  1  2  3  4  5  6  7  8  9 10 11 12 13 14 15 16 |
---------------+-------------------------------------------------+-----
Fighting       | 3 4 5 6 7 10 11 12 | 12.0
Unarmed Combat | 3 4 5 6 8 9 10 13 14 15 | 15.0
Spellcasting   | 1 2 4 5 6 7 8 |  8.0
Evocations     | 1 2 3 4 5 |  5.0
Throwing       | 2 |  2.0
Shapeshifting  | 2 6 10 11 13 16 | 16.0
Invocations    | 2 5 |  5.0
Armour         | 2 3 4 |  4.0
Dodging        | 2 4 |  4.0
Stealth        | |  6.0

Action                     |  1- 3 |  4- 6 |  7- 9 | 10-12 | 13-15 | 16-18 || total
---------------------------+-------+-------+-------+-------+-------+-------++-------
  Melee: Unarmed           |    79 |   165 |   267 |   450 |   955 |   344 ||  2260
         Bite              |     7 |    42 |    78 |   187 |   442 |   103 ||   859
         Punch             |       |     4 |    11 |    36 |   122 |    38 ||   211
  Throw: Javelin           |       |       |     4 |       |     8 |       ||    12
 Invoke: Stomp             |       |       |     1 |       |       |       ||     1
  Evoke: Wand              |     3 |     2 |    13 |    11 |    12 |    14 ||    55
         Tin of tremorston |       |       |       |       |       |     2 ||     2
    Use: Potion            |     1 |     1 |       |     6 |     1 |     6 ||    15
         Scroll            |       |     6 |     2 |    12 |    11 |     4 ||    35
   Stab: Sleeping          |     1 |    10 |       |     3 |     2 |       ||    16
         Paralysed         |       |     5 |    37 |    29 |    74 |    35 ||   180
         Invisible         |       |       |       |     4 |     2 |       ||     6
         Distracted        |       |       |       |       |       |     1 ||     1
 Armour: Leather armour    |    16 |     9 |       |       |       |       ||    25
         Skin              |     2 |       |       |       |       |       ||     2
         Chain mail        |       |    41 |    32 |       |   551 |    26 ||   650
         Scale mail        |       |       |    87 |   184 |    14 |       ||   285
         Plate armour      |       |       |       |       |       |   217 ||   217
  Dodge: Dodged            |    28 |    64 |    93 |   216 |   454 |   185 ||  1040
   Form: Blade             |       |       |       |       |     2 |       ||     2
                           |       |       |       |       |     1 |       ||     1

Table legend: (Time is in decaauts)
 A = Elapsed time spent in this place.
 B = Non-inter-level travel time spent in this place.
 C = Inter-level travel time spent in this place.
 D = Time resting spent in this place.
 E = Time spent auto-exploring this place.
 F = Levels seen in this place.
 G = Mean time per level.
                   A        B        C        D        E       F      G
               +--------+--------+--------+--------+--------+-----+--------+
         Total |  26835 |  25015 |   1820 |   4322 |  14781 |  25 | 1073.4 |
       Dungeon |  16261 |  14925 |   1336 |   1641 |   9745 |  15 | 1084.1 |
        Temple |     20 |     11 |      9 |      0 |      0 |   1 |   20.0 |
          Lair |   6724 |   6431 |    293 |   1418 |   3535 |   5 | 1344.8 |
   Spider Nest |   2288 |   2248 |     40 |    884 |    750 |   2 | 1144.0 |
  Orcish Mines |   1540 |   1399 |    141 |    379 |    750 |   2 |  770.0 |
               +--------+--------+--------+--------+--------+-----+--------+

Top non-repeatable levels by time:
     D:4: 2567 daAuts
Spider:1: 1635 daAuts
    D:10: 1634 daAuts
     D:9: 1542 daAuts
  Lair:5: 1533 daAuts
  Lair:4: 1384 daAuts
  Lair:2: 1379 daAuts
  Lair:1: 1318 daAuts
     D:8: 1130 daAuts
  Lair:3: 1108 daAuts
    D:11: 1011 daAuts
     D:2: 948 daAuts
    D:14: 938 daAuts
    D:15: 926 daAuts
     D:1: 911 daAuts
